 Dungeon Crawl Stone Soup version 0.19.3-4-gbf9329e (webtiles) character file.

1170 Naow the Infuser (level 8, -5/41 HPs)
             Began as a Deep Elf Conjurer on Jan 26, 2017.
             Was an Initiate of Vehumet.
             Shot with an arrow by a centaur (13 damage)
             ... on level 5 of the Dungeon.
             The game lasted 00:06:22 (5196 turns).

Naow the Infuser (Deep Elf Conjurer)                Turns: 5196, Time: 00:06:23

Health: -5/41      AC:  3    Str:  5    XL:     8   Next: 17%
Magic:  28/31      EV: 13    Int: 23    God:    Vehumet [......]
Gold:   277        SH:  0    Dex: 15    Spells: 5 memorised, 7 levels left

rFire  . . .     SeeInvis .     (no weapon)
rCold  . . .     Gourm    .     a - +0 robe
rNeg   . . .     Faith    .     (no shield)
rPois  .         Spirit   .     (no helmet)
rElec  .         Reflect  .     k - -1 cloak (curse)
rCorr  .         Harm     .     j - +0 pair of gloves
MR     .....                    (no boots)
Stlth  ++........               (no amulet)
                                (no ring)
                                p - ring of magical power

@: very slightly contaminated
A: no striking features
a: Renounce Religion


You were on level 5 of the Dungeon.
You worshipped Vehumet.
Vehumet was noncommittal.
You were not hungry.

You visited 1 branch of the dungeon, and saw 5 of its levels.

You collected 277 gold pieces.

Inventory:

Hand Weapons
 i - a +0 dagger
Armour
 a - a +0 robe (worn)
 j - a +0 pair of gloves (worn)
 k - a cursed -1 cloak (worn)
 s - a +0 cloak
Jewellery
 p - a ring of magical power (left hand)
Wands
 m - a wand of teleportation (5/9)
Scrolls
 e - 5 scrolls of identify
 o - 2 scrolls of magic mapping {unknown}
 t - a scroll of recharging {unknown}
 v - a scroll of enchant armour {unknown}
 w - a scroll of enchant weapon {unknown}
 y - a scroll of blinking {unknown}
Potions
 d - a potion of invisibility
 h - 4 potions of curing
 l - 2 potions of haste {unknown}
 q - a potion of ambrosia {unknown}
 r - 2 potions of berserk rage {unknown}
 u - a potion of cure mutation {unknown}
Books
 b - a book of Conjurations

   Spells                             Type                      Level
   a - Magic Dart                     Conjuration                  1
   b - Searing Ray                    Conjuration                  2
   c - Dazzling Spray                 Conjuration/Hexes            3
   d - Fulminant Prism                Conjuration/Hexes            4
   e - Iskenderun's Mystic Blast      Conjuration                  4
   f - Iskenderun's Battlesphere      Conjuration/Charms           5
Comestibles
 c - 3 bread rations
 f - 2 beef jerkies
 g - 2 slices of pizza
 n - a meat ration
 x - a chunk of flesh


   Skills:
 - Level 2.4 Dodging
 - Level 2.4 Stealth
 + Level 8.1 Spellcasting
 - Level 6.1 Conjurations
 * Level 9.6 Charms


You had 7 spell levels left.
You knew the following spells:

 Your Spells              Type           Power        Failure   Level  Hunger
a - Magic Dart            Conj           ####         1%          1    None
b - Searing Ray           Conj           #####.       1%          2    None
c - Iskenderun's Battles  Conj/Chrm      #####...     10%         5    #####..
d - Iskenderun's Mystic   Conj           #####...     8%          4    ###....
e - Fulminant Prism       Conj/Hex       ###.......   21%         4    ###....


Dungeon Overview and Level Annotations

Branches:
Dungeon (5/15)             Temple (0/1) D:5

Altars:
Ashenzari
Gozag
Okawaru
Qazlal
Trog
Vehumet
Xom
Zin
The Shining One

Annotations:
D:5 Kloppie's ghost, novice FoFi


Message History

Aim: a centaur, wielding a shortbow (lightly wounded)
The magic dart hits the centaur.
The centaur is moderately wounded.
The centaur shoots an arrow.
The arrow hits you!
Casting: Magic Dart
Confirm with . or Enter, or press ? or * to list all spells.
Aiming: Searing Ray
Press: ? - help, Shift-Dir - straight line, f/p - centaur
Aim: a centaur, wielding a shortbow (moderately wounded)
You miscast Searing Ray.
You are very lightly contaminated with residual magic.
Nothing appears to happen.
The centaur shoots an arrow.
The arrow closely misses you.
The centaur shoots an arrow.
The arrow hits you!
Kloppie's ghost (novice Formicid Fighter) comes into view.
Kloppie's ghost turns its malevolent gaze towards you.
The centaur shoots an arrow.
The arrow hits you.
* * * LOW HITPOINT WARNING * * *
An iguana comes into view.
The centaur shoots an arrow.
The arrow hits you!
You die...

..........# #.# #
####.##.#.# #W##.#
#.##.#.#######....
#.##..........c#
#..............#
...####.####....#
## #.# #.##(# #.#
#.##.# #.#
#.#@#......# #.#
#...###.....# ..
#..# ###..# ....#
.# ###l## #. #


You could see a centaur, an iguana (wandering) and Kloppie's ghost.

Vanquished Creatures
  Pikel (D:4)
  Menkaure (D:5)
  2 slaves (D:4)
  A phantom (D:4)
  A scorpion (D:4)
  A howler monkey (D:4)
  2 crimson imps (D:5)
  2 bullfrog zombies
  A hound (D:5)
  A bullfrog skeleton (D:5)
  Jessica (D:2)
  A worker ant (D:5)
  An iguana (D:4)
  Robin (D:2)
  5 adders
  2 oozes (D:2)
  2 adder skeletons (D:4)
  3 dart slugs
  5 leopard geckos
  A ball python (D:3)
  4 giant cockroaches
  8 goblins
  5 hobgoblins
  4 jackals (D:2)
  10 kobolds
  A quokka (D:2)
  4 bats
  6 frilled lizards
  A leopard gecko skeleton (D:4)
  10 rats
88 creatures vanquished.

Notes
Turn   | Place    | Note
-------+----------+-------------------------------------------
     0 | D:1      | Naow the Deep Elf Conjurer began the quest for the Orb.
     0 | D:1      | Reached XP level 1. HP: 10/10 MP: 6/6
   222 | D:1      | Reached XP level 2. HP: 15/15 MP: 4/8
   302 | D:1      | Learned a level 2 spell: Searing Ray
   952 | D:2      | Reached XP level 3. HP: 19/19 MP: 8/10
   974 | D:2      | Noticed Robin
   978 | D:2      | Killed Robin
   978 | D:2      | Reached skill level 5 in Conjurations
  1614 | D:2      | Found a stormy altar of Qazlal.
  1614 | D:2      | Noticed Jessica
  1619 | D:2      | Killed Jessica
  1619 | D:2      | Reached XP level 4. HP: 7/24 MP: 6/12
  2000 | D:2      | Reached skill level 5 in Spellcasting
  2898 | D:3      | Reached XP level 5. HP: 28/28 MP: 14/14
  2908 | D:3      | Learned a level 5 spell: Iskenderun's Battlesphere
  2913 | D:3      | Learned a level 4 spell: Iskenderun's Mystic Blast
  3052 | D:3      | Reached skill level 1 in Charms
  3368 | D:4      | Found an opulent altar of Gozag.
  3400 | D:4      | Noticed a phantom
  3418 | D:4      | Killed a phantom
  3418 | D:4      | Reached skill level 3 in Charms
  3418 | D:4      | Reached XP level 6. HP: 13/32 MP: 12/16
  3610 | D:4      | Reached skill level 4 in Charms
  3706 | D:4      | Noticed a slave
  3711 | D:4      | Noticed Pikel
  3731 | D:3      | Learned a level 4 spell: Fulminant Prism
  4121 | D:4      | Noticed a slave
  4128 | D:4      | Killed a slave
  4221 | D:4      | Killed a slave
  4254 | D:4      | Noticed a slave
  4255 | D:4      | Noticed a slave
  4256 | D:4      | Killed Pikel
  4256 | D:4      | Reached skill level 8 in Charms
  4256 | D:4      | Reached XP level 7. HP: 25/36 MP: 18/20
  4496 | D:4      | Found a radiant altar of Vehumet.
  4501 | D:4      | Found a shattered altar of Ashenzari.
  4508 | D:4      | Found an iron altar of Okawaru.
  4513 | D:4      | Found a bloodstained altar of Trog.
  4524 | D:4      | Found a glowing silver altar of Zin.
  4559 | D:4      | Found a glowing golden altar of the Shining One.
  4564 | D:4      | Found a shimmering altar of Xom.
  4574 | D:4      | Became a worshipper of Vehumet
  4641 | D:5      | Entered Level 5 of the Dungeon
  4784 | D:5      | Noticed Menkaure
  4793 | D:5      | Killed Menkaure
  4793 | D:5      | Reached skill level 9 in Charms
  4793 | D:5      | Reached XP level 8. HP: 14/41 MP: 17/22
  5151 | D:5      | Found a staircase to the Ecumenical Temple.
  5194 | D:5      | Noticed Kloppie's ghost (novice FoFi)
  5196 | D:5      | Shot with an arrow by a centaur

Skill      XL: |  1  2  3  4  5  6  7 |
---------------+----------------------+-----
Spellcasting   | 4 5 7 8 |  8.1
Conjurations   | 5 6 |  6.1
Charms         | 3 8 9 |  9.6
Dodging        | |  2.4
Stealth        | |  2.4

Action                   |  1- 3 |  4- 6 |  7- 9 || total
-------------------------+-------+-------+-------++-------
Melee: Unarmed           |     6 |       |       ||     6
 Cast: Magic Dart        |    83 |    80 |    35 ||   198
       Searing Ray       |       |    12 |     6 ||    18
  Use: Scroll            |     2 |     2 |       ||     4
  Eat: Chunk             |     2 |     8 |     3 ||    13
Armor: Robe              |       |     4 |     4 ||     8
Dodge: Dodged            |    10 |     9 |     7 ||    26
